 Dungeon Crawl Stone Soup version v1.3-6-gcec1249 (webtiles) character file.

1938 Faust the Thaumaturge (level 9, -1/57 HPs)
             Began as a Fairy Wizard on Oct 9, 2018.
             Was a Follower of Sif Muna.
             Slain by a slime creature (9 damage)
             ... on level 8 of the Dungeon.
             The game lasted 01:12:08 (6343 turns).

Faust the Thaumaturge (Fairy Wizard)                Turns: 6343, Time: 01:12:09

Health: -1/57      AC: 10    Str:  5    XL:     9   Next: 18%
Magic:  0/25       EV: 19    Int: 24    God:    Sif Muna [*.....]
Gold:   324        SH:  6    Dex: 12    Spells: 8/29 levels left

rFire    . . .     SeeInvis .   j - +5 quarterstaff (chaos)
rCold    . . .     Gourm    .   (shield currently unavailable)
rNeg     . . .     Faith    .   (armour unavailable)
rPois    .         Spirit   +   a - +1 hat
rElec    .         Reflect  .   u - +0 cloak
rCorr    +         Harm     .   f - +0 pair of gloves
MR       +....                  (no boots)
Stlth    +.........             A - amulet of guardian spirit
HPRegen  0.19/turn              n - ring of resist corrosion
MPRegen  0.19/turn              (no ring)

@: flying evasively, very slightly contaminated
A: small, magic attunement, unstealthy, unfitting armour, rugged brown scales 1,
magic resistance 1, robust 1, able to fly, AC/SH +6
a: Stop Flying, Divine Energy, Renounce Religion


You were on level 8 of the Dungeon.
You worshipped Sif Muna.
Sif Muna was aware of your devotion.
You were not hungry.

You visited 2 branches of the dungeon, and saw 9 of its levels.
You also visited: Ossuary.

You collected 324 gold pieces.

Inventory:

Hand Weapons
 j - a +5 quarterstaff of chaos (weapon)
Missiles
 l - 106 poisoned javelins
Armour
 a - a +1 hat (worn)
 f - a +0 pair of gloves (worn)
 u - a +0 cloak (worn)
Jewellery
 n - a ring of resist corrosion (left hand)
 A - an amulet of guardian spirit (around neck)
 B - an uncursed ring of ice
Wands
 g - a wand of digging (9)
 o - a wand of acid (10)
Scrolls
 d - 2 scrolls of teleportation
 k - 3 scrolls of amnesia
 m - 2 scrolls of remove curse
 r - a scroll of enchant armour
 s - 2 scrolls of fear
 w - a scroll of immolation
 y - a scroll of magic mapping
Potions
 b - a potion of lignification
 h - a potion of haste
 i - 4 potions of mutation
 p - a potion of magic
 t - a potion of cancellation
 z - 2 potions of berserk rage
Comestibles
 c - 2 rations


   Skills:
 + Level 0.3 Fighting
 + Level 0.8 Staves
 + Level 5.6 Dodging
 + Level 2.0 Stealth
 + Level 1.2 Unarmed Combat
 + Level 10.7 Spellcasting
 * Level 4.0 Conjurations
 + Level 5.1 Summonings
 + Level 2.6 Translocations
 + Level 0.4 Air Magic
 + Level 0.7 Poison Magic


You had 8 spell levels left.
You knew the following spells:

 Your Spells              Type           Power        Failure   Level  Hunger
a - Magic Dart            Conj           ####         1%          1    None
b - Blink                 Tloc           N/A          2%          2    None
c - Call Imp              Summ           #####...     1%          2    None
d - Conjure Flame         Conj/Fire      ###.....     6%          3    None
e - Mephitic Cloud        Conj/Pois/Air  ###.....     7%          3    None
f - Call Canine Familiar  Summ           #####...     1%          3    None
g - Summon Ice Beast      Ice/Summ       ####....     17%         4    None
h - Confuse               Hex            ##......     14%         3    None

Your spell library contained the following spells:

 Spells                   Type           Power        Failure   Level  Hunger
 Slow                     Hex            ##......     8%          2    None
 Summon Small Mammal      Summ           ####         1%          1    None
 Tukima's Dance           Hex            ##......     14%         3    None
 Ensorcelled Hibernation  Hex/Ice        ##....       8%          2    None
 Corona                   Hex            ##.....      4%          1    None
 Dazzling Spray           Conj/Hex       ###...       6%          3    None
 Summon Lightning Spire   Summ/Air       ####....     38%         5    None


Dungeon Overview and Level Annotations

Branches:
Dungeon (8/12)             Temple (1/1) D:5            Lair (0/6) D:8
    Orc: D:8-11

Altars:
Ashenzari
Cheibriados
Dithmenos
Elyvilon
Fedhas
Gozag
Hepliaklqana
Jiyva
Kikubaaqudgha
Lugonu
Makhleb
Nemelex Xobeh
Okawaru
Qazlal
Sif Muna
Trog
Uskayaw
Vehumet
Wu Jian
Xom
Yredelemnul
Zin
The Shining One

Annotations:
D:4 exclusion: white imp
D:6 2 transporters, Hyeca's ghost, novice DsAc
D:7 exclusion: catoblepas


Innate Abilities, Weirdness & Mutations

Your spells do not cause hunger and MP costs are reduced by 1.
Your bright wings attract enemies. (Stealth-)
You cannot fit into any form of body armour.
Your shimmering scales are hard and can block incoming attacks. (AC +6, SH +6)
You are small and have problems with some larger weapons.
You can fly continuously.
You are partially covered in rugged brown scales. (AC +1, +3% HP)
You are resistant to hostile enchantments. (MR+)
You are robust. (+10% HP)


Message History

A slime creature suddenly becomes an enormous slime creature.
Your crimson imp hits the enormous slime creature.
You swap places.
Your hound barely misses the enormous slime creature.
The slime creature barely misses you.
Your ice beast hits the slime creature.
Your ice beast freezes the slime creature!
Something hits your crimson imp!!
Your crimson imp dies!
You barely miss the slime creature.
The slime creature is moderately wounded.
Your hound bites the enormous slime creature.
Your ice beast barely misses the slime creature.
The slime creature hits you!
* * * LOW HITPOINT WARNING * * *
The enormous slime creature closely misses your ice beast.
Your hound bites the enormous slime creature.
Your ice beast hits the slime creature.
Your ice beast freezes the slime creature!
The slime creature hits you!
You die...

..##'#####.....#
..#..'...#.....#
..#..#...#.....# .
..#..#...#.....##+# ###..
..#####..#....##..#.......
.....##..#....#...#.......
.....#...'....#..hJJ......
.....#...#....#..Y#.......
.....#...#....#.@J#.......
.....#####....#...#.......
##............###'#....#######.
#........##'###..)...#...≈...
#........'....'..).....#...#
##........#....#.......##.P.##.
......#'####'###.)...#..PPPPP..
......#..#...........#≈.PP>P..≈
......#..#...)..)....#...P..P..


You could see an enormous slime creature, 2 slime creatures, a friendly ice
beast and a friendly hound.

Vanquished Creatures
  A sky beast (D:6)
  A slave (D:4)
  A hornet zombie (D:5)
  An ice beast (D:5)
  An ogre (D:4)
  3 centaurs
  3 wights (D:8)
  2 crimson imps (D:5)
  A hound (D:7)
  2 orc priests
  A jelly (D:2)
  2 orc wizards
  2 worker ants (D:6)
  An ogre zombie (Ossuary)
  A mummy (Ossuary)
  A howler monkey zombie (D:7)
  6 adders
  A shadow imp (D:6)
  An adder zombie (D:5)
  3 leopard geckos
  7 orcs
  5 bats
  4 giant cockroaches
  5 goblins
  4 hobgoblins
  A quokka (D:2)
  A frilled lizard (D:5)
  2 gnoll zombies (D:6)
  2 goblin zombies (Ossuary)
  3 kobolds
  A kobold zombie (Ossuary)
  A quokka zombie (Ossuary)
  9 rats
  A rat zombie (Ossuary)
81 creatures vanquished.

Vanquished Creatures (collateral kills)
  Pikel (D:4)
  Sigmund (D:4)
  An ice beast (D:6)
  A necrophage (D:5)
  2 ogres
  2 bullfrogs (D:6)
  A wight (D:8)
  2 howler monkeys
  A centaur zombie (Ossuary)
  A crimson imp (D:6)
  Crazy Yiuf (D:5)
  A hound (D:6)
  An orc priest (D:8)
  A jelly (D:5)
  An orc wizard (D:5)
  A worker ant (D:4)
  2 ogre zombies (Ossuary)
  6 mummies (Ossuary)
  A howler monkey zombie (D:6)
  Robin (D:2)
  2 adders
  A shadow imp (D:5)
  An adder skeleton (D:7)
  3 adder zombies (Ossuary)
  3 worms
  A dart slug (D:1)
  A leopard gecko (D:6)
  4 orcs
  4 bats
  A giant cockroach (D:1)
  7 goblins (D:2)
  3 hobgoblins
  2 kobolds
  A ball python (D:2)
  3 frilled lizards
  A goblin zombie (Ossuary)
  2 hobgoblin zombies (Ossuary)
  3 kobold zombies (Ossuary)
  5 quokka zombies (Ossuary)
  A rat (D:1)
  3 rat zombies (Ossuary)
81 creatures vanquished.

Grand Total: 162 creatures vanquished

Notes
Turn   | Place    | Note
-------+----------+-------------------------------------------
     0 | D:1      | Faust the Fairy Wizard began the quest for the Orb.
     0 | D:1      | Reached XP level 1. HP: 11/11 MP: 7/7
   149 | D:1      | Found a glowing golden altar of the Shining One.
   158 | D:1      | Reached XP level 2. HP: 16/17 MP: 7/9
   162 | D:1      | Learned a level 2 spell: Call Imp
   165 | D:1      | Learned a level 2 spell: Blink
   344 | D:1      | Reached skill level 5 in Spellcasting
   498 | D:1      | Gained mutation: You are partially covered in rugged brown scales. (AC +1, +3% HP) [potion of mutation]
   498 | D:1      | Gained mutation: You are resistant to hostile enchantments. (MR+) [potion of mutation]
   498 | D:1      | Gained mutation: You are robust. (+10% HP) [potion of mutation]
   515 | D:1      | Reached XP level 3. HP: 22/23 MP: 9/11
   520 | D:1      | Learned a level 3 spell: Conjure Flame
   524 | D:1      | Learned a level 3 spell: Mephitic Cloud
   750 | D:2      | Noticed Robin
   762 | D:2      | Reached XP level 4. HP: 28/30 MP: 1/13
  1031 | D:2      | Killed Robin
  1699 | D:3      | Reached XP level 5. HP: 35/35 MP: 15/15
  1975 | D:3      | Reached skill level 6 in Spellcasting
  2212 | D:4      | Noticed an ogre
  2224 | D:4      | Killed an ogre
  2254 | D:4      | Learned a level 3 spell: Call Canine Familiar
  2296 | D:4      | Found a white marble altar of Elyvilon.
  2308 | D:4      | Noticed Sigmund
  2314 | D:4      | Killed Sigmund
  2314 | D:4      | Reached skill level 7 in Spellcasting
  2314 | D:4      | Reached XP level 6. HP: 32/40 MP: 16/18
  2349 | D:4      | Found a corrupted altar of Lugonu.
  2414 | D:4      | Found a hide-covered altar of Uskayaw.
  2442 | D:4      | Noticed Pikel
  2442 | D:4      | Noticed a slave
  2442 | D:4      | Noticed a slave
  2442 | D:4      | Noticed a slave
  2444 | D:4      | Noticed a slave
  2481 | D:4      | Killed a slave
  2486 | D:4      | Killed Pikel
  2486 | D:4      | Reached XP level 7. HP: 40/46 MP: 8/20
  2650 | D:4      | Found a bloodstained altar of Trog.
  2652 | D:4      | Found a shadowy altar of Dithmenos.
  2870 | D:5      | Entered Level 5 of the Dungeon
  2879 | D:5      | Reached skill level 8 in Spellcasting
  2891 | D:5      | Found a viscous altar of Jiyva.
  2987 | D:5      | Found a sand-covered staircase.
  2991 | Ossuary  | Entered an ossuary
  3474 | Ossuary  | Reached skill level 9 in Spellcasting
  3486 | Ossuary  | Reached XP level 8. HP: 51/51 MP: 20/23
  3622 | D:5      | Found a staircase to the Ecumenical Temple.
  3631 | Temple   | Entered the Ecumenical Temple
  3674 | Temple   | Became a worshipper of Sif Muna the Loreminder
  4142 | D:5      | Found a runed door.
  4146 | D:5      | Noticed Crazy Yiuf
  4171 | D:5      | Killed Crazy Yiuf
  4306 | D:6      | Reached skill level 10 in Spellcasting
  4344 | D:6      | Reached skill level 1 in Unarmed Combat
  4482 | D:6      | Reached * piety under Sif Muna
  4613 | D:6      | Found a transporter.
  4614 | D:6      | Noticed Hyeca's ghost (novice DsAc)
  4615 | D:6      | Found a transporter.
  4779 | D:6      | Found a blossoming altar of Fedhas.
  4956 | D:6      | Found a basalt altar of Yredelemnul.
  5184 | D:7      | Noticed a catoblepas
  5194 | D:7      | Noticed a hippogriff
  5204 | D:7      | HP: 1/51 [hippogriff (2)]
  5678 | D:8      | Reached skill level 5 in Summonings
  5678 | D:8      | Reached XP level 9. HP: 48/57 MP: 15/25
  5684 | D:8      | Found a staircase to the Lair.
  5694 | D:8      | Reached skill level 5 in Dodging
  6120 | D:8      | Learned a level 4 spell: Summon Ice Beast
  6124 | D:8      | Learned a level 3 spell: Confuse
  6343 | D:8      | Slain by a slime creature

Skill      XL: |  1  2  3  4  5  6  7  8  9 |
---------------+----------------------------+-----
Spellcasting   | 5 7 9 10 | 10.7
Dodging        | 3 4 5 |  5.6
Conjurations   | 2 3 4 |  4.0
Summonings     | 2 3 5 |  5.1
Translocations | 2 |  2.6
Unarmed Combat | 1 |  1.2
Stealth        | 2 |  2.0
Fighting       | |  0.3
Staves         | |  0.8
Air Magic      | |  0.4
Poison Magic   | |  0.7

Action                   |  1- 3 |  4- 6 |  7- 9 || total
-------------------------+-------+-------+-------++-------
Melee: Unarmed           |     3 |    15 |    28 ||    46
       Quarterstaff      |       |       |    24 ||    24
 Cast: Magic Dart        |    47 |    60 |   137 ||   244
       Call Imp          |    11 |    17 |    59 ||    87
       Blink             |     6 |     4 |    22 ||    32
       Conjure Flame     |     1 |     1 |     6 ||     8
       Call Canine Famil |       |     5 |    32 ||    37
       Mephitic Cloud    |       |     3 |     9 ||    12
       Summon Ice Beast  |       |       |     2 ||     2
  Use: Scroll            |     4 |       |    15 ||    19
       Potion            |     2 |     3 |    10 ||    15
 Stab: Distracted        |       |       |     1 ||     1
       Confused          |       |       |     1 ||     1
       Paralysed         |       |       |     1 ||     1
  Eat: Ration            |       |     2 |     3 ||     5
Armor: Skin              |    13 |     9 |   100 ||   122
Dodge: Dodged            |    31 |    21 |   128 ||   180
Block: Other             |     5 |     9 |    47 ||    61
